 Dungeon Sprint DCSS version 0.16-a0-2669-g4c00d22 (webtiles) character file.

13 BluebellGnoll the Covert (level 2, 0/13 HPs)
             Began as a Spriggan Enchanter on Nov 24, 2014.
             Was an Initiate of Sif Muna.
             Slain by a worker ant (3 damage)
             ... in the Dungeon (Sprint IX: "|||||||||||||||||||||||||||||").
             The game lasted 00:02:29 (365 turns).

BluebellGnoll the Covert (Spriggan Enchanter)        Turns: 365, Time: 00:02:29

Health: 0/13       AC:  3    Str:  4    XL:     2   Next: 24%
Magic:  7/7        EV: 20    Int: 16    God:    Sif Muna [......]
Gold:   0          SH:  0    Dex: 19    Spells: 2 memorised, 3 levels left

rFire  . . .     SeeInvis +     m - +2 rapier (elec)
rCold  . . .     Clarity  .     b - +1 robe
rNeg   . . .     SustAb   .     (shield restricted)
rPois  .         Gourm    .     (helmet restricted)
rElec  .         Spirit   .     (no cloak)
rCorr  .         Warding  .     (gloves unavailable)
rMut   .         NoTele   +     (boots unavailable)
MR     .....                    (no amulet)
Stlth  +++++.....               o - +2 ring of evasion
                                n - +3 ring of dexterity

@: very quick, not resistant to hostile enchantments, quite stealthy
A: unfitting armour, see invisible, herbivore 3, speed 3, slow metabolism 2
a: Renounce Religion


You were in the Dungeon.
You worshipped Sif Muna.
Sif Muna was noncommittal.
You were not hungry.

You visited 1 branch

Inventory:

Hand weapons
 a - a +1 dagger
 m - a +2 rapier of electrocution (weapon)
Armour
 b - a +1 robe (worn)
Jewellery
 n - a +3 ring of dexterity (left hand)
 o - a +2 ring of evasion (right hand)
Magical devices
 l - a wand of fire (7)
Scrolls
 i - 3 scrolls of remove curse
 j - 2 scrolls of blinking
 k - 2 scrolls of amnesia
Potions
 e - 5 potions of curing
 f - 3 potions of heal wounds
 g - a potion of invisibility
 h - 4 potions of magic
Books
 c - a book of Maledictions

   Spells                             Type                      Level
   *Corona                            Hexes                        1
   Sure Blade                         Hexes/Charms                 2
   *Ensorcelled Hibernation           Hexes/Ice                    2
   Confuse                            Hexes                        3
   Dazzling Spray                     Conjuration/Hexes            3
   Enslavement                        Hexes                        4
Comestibles
 d - a bread ration


   Skills:
 - Level 1.1 Short Blades
 - Level 3.0 Dodging
 - Level 8.4 Stealth
 * Level 2.7 Spellcasting
 + Level 3.7 Hexes


You had 3 spell levels left.
You knew the following spells:

 Your Spells              Type           Power        Failure   Level  Hunger
a - Corona                Hex            ##.....      6%          1    #......
b - Ensorcelled Hibernat  Hex/Ice        #.....       14%         2    ##.....


Dungeon Overview and Level Annotations

Branches:
Dungeon (1/1)

Altars:
Cheibriados
Dithmenos
Elyvilon
Fedhas
Gozag
Kikubaaqudgha
Makhleb
Nemelex Xobeh
Okawaru
Qazlal
Ru
Sif Muna
Trog
Vehumet
Xom
Yredelemnul
Zin
The Shining One
Beogh
Jiyva
Lugonu


Innate Abilities, Weirdness & Mutations

You are tiny and cannot use many weapons and most armour.
You have supernaturally acute eyesight.
You are a herbivore.
You cover ground extremely quickly.
You need consume almost no food.


Message History

The worker ant bites you but does no damage.
The adder bites the ballistomycete.
The ballistomycete is destroyed!
The worker ant bites you.
You hit the worker ant but do no damage.
The worker ant barely misses you.
You hit the worker ant.
There is a sudden explosion of sparks!
The worker ant is almost dead.
The worker ant completely misses you. The worker ant barely misses you.
You hit the worker ant.
The worker ant is almost dead.
The worker ant closely misses you.
You closely miss the worker ant.
The worker ant is almost dead.
The worker ant bites you.
* * * LOW HITPOINT WARNING * * *
You closely miss the worker ant.
The worker ant is almost dead.
The worker ant closely misses you. The worker ant bites you.
You die...

▓.▓
▓.▓
▓.▓
▓x▓
▓z▓
▓S▓
▓*▓
▓a▓
▓@▓
▓[▓
▓)▓
▓|▓
▓.▓
▓.▓
▓'▓
▓_▓
▓_▓


You could see an unseen horror (invisible), a worker ant, a wight, an adder and
a giant spore.

Vanquished Creatures
  An ooze (D)
  A goblin (D)
  2 hobgoblins (D)
  2 jackals (D)
  A kobold (D)
  A bat (D)
  A giant cockroach zombie (D)
  A giant newt (D)
  A rat (D)
11 creatures vanquished.

Vanquished Creatures (others)
  A ballistomycete (D)
1 creature vanquished.

Grand Total: 12 creatures vanquished

Notes
Turn   | Place    | Note
--------------------------------------------------------------
     0 | D        | BluebellGnoll, the Spriggan Enchanter, began the quest for the Orb.
     0 | D        | Reached XP level 1. HP: 9/9 MP: 4/4
     6 | D        | Reached skill level 5 in Stealth
    15 | D        | Reached skill level 6 in Stealth
    29 | D        | Reached skill level 7 in Stealth
   130 | D        | Reached XP level 2. HP: 7/13 MP: 7/7
   133 | D        | Reached skill level 8 in Stealth
   140 | D        | Found a glowing silver altar of Zin.
   140 | D        | Found a glowing golden altar of the Shining One.
   140 | D        | Found an ancient bone altar of Kikubaaqudgha.
   140 | D        | Found a basalt altar of Yredelemnul.
   140 | D        | Found a shimmering altar of Xom.
   140 | D        | Found a radiant altar of Vehumet.
   140 | D        | Found an iron altar of Okawaru.
   141 | D        | Found a burning altar of Makhleb.
   142 | D        | Found a deep blue altar of Sif Muna.
   143 | D        | Found a bloodstained altar of Trog.
   144 | D        | Found a sparkling altar of Nemelex Xobeh.
   145 | D        | Found a white marble altar of Elyvilon.
   146 | D        | Found a roughly hewn altar of Beogh.
   147 | D        | Found a viscous altar of Jiyva.
   148 | D        | Found a corrupted altar of Lugonu.
   149 | D        | Found a blossoming altar of Fedhas.
   150 | D        | Found a snail-covered altar of Cheibriados.
   151 | D        | Became a worshipper of Sif Muna the Loreminder
   152 | D        | Found a shadowy altar of Dithmenos.
   153 | D        | Found a stormy altar of Qazlal.
   154 | D        | Found an opulent altar of Gozag.
   155 | D        | Found a sacrificial altar of Ru.
   345 | D        | Learned a level 2 spell: Ensorcelled Hibernation
   345 | D        | Noticed an unseen horror
   345 | D        | Noticed a wight
   345 | D        | Noticed a worker ant
   365 | D        | Slain by a worker ant

Action                   || total
-------------------------++-------
Melee: Dagger            ||    30
       Rapier            ||    13
 Cast: Corona            ||     3
  Use: Potion            ||     2
 Stab: Sleeping          ||     1
